 Dungeon Crawl Stone Soup version 0.31-a0-819-gf6de2f5ab6 (webtiles) character file.

Game seed: 5794224448252688986

1423 Danienth the Covert (level 8, -18/38 HPs)
             Began as a Felid Delver on Sept 25, 2023.
             Demolished by a phantasmal warrior (30 damage)
             ... created by the anger of Yredelemnul
             ... on level 7 of the Dungeon.
             The game lasted 00:21:49 (5374 turns).

Danienth the Covert (Felid Delver)                  Turns: 5374, Time: 00:21:49

Health: -18/38     AC:  2    Str: 10    XL:     8   Next: 44%
Magic:  9/9        EV: 28    Int: 12    God:
Gold:   261        SH:  0    Dex: 23    Spells: 7/7 levels left
                                        Lives:  0   Deaths: 3

rFire   . .          .
                       - Unarmed
rCold   . . .        (shield unavailable)
rNeg    . . .        (body armour unavailable)
rPois   .            (helmet unavailable)
rElec   .            (cloak unavailable)
rCorr   .            (gloves unavailable)
SInv    +            (boots unavailable)
Will    +....        (no amulet)
Stlth   ++++         h - +6 ring of dexterity
HPRegen 0.26/turn    r - +5 ring of evasion
MPRegen 0.11/turn

%: no passive effects
@: on berserk cooldown, quick
A: very small, claws 1, fangs 3, see invisible, speed 1, shaggy fur 2, stealthy
paws, no weapons or thrown items, no armour, multi-lived
a: no special abilities


You were on level 7 of the Dungeon.
You visited 1 branch of the dungeon, and saw 7 of its levels.

You collected 261 gold pieces.

Inventory:

Jewellery
 f - a ring of flight
 h - a +6 ring of dexterity (left paw)
 k - a ring of fire
 o - a ring of positive energy
 p - a ring of wizardry
 r - a +5 ring of evasion (right paw)
Talismans
 l - a flux talisman
Wands
 e - a wand of digging (3)
 i - a wand of flame (44)
Scrolls
 b - a scroll of revelation
Potions
 j - a potion of attraction
 m - a potion of resistance {unknown}
 q - a potion of brilliance
 t - a potion of might


   Skills:
 * Level 5.9 Fighting
 * Level 7.1 Dodging
 - Level 8.6 Stealth
 * Level 6.6 Unarmed Combat
 - Level 0.3 Spellcasting
 - Level 0.2 Shapeshifting


You had 7 spell levels left.
You didn't know any spells.
Your spell library contained the following spells:

 Spells                   Type           Power      Damage    Failure   Level
 Wereblood                Tmut           0%         N/A       43%         2
 Irradiate                Conj/Tmut      0%         3d11      100%        5


Dungeon Overview and Level Annotations

Branches:
Dungeon (7/15)             Temple (0/1) D:4

Altars:
Cheibriados
Okawaru
Yredelemnul

Shops:
D:2 (

Annotations:
D:4 exclusion: oklob sapling


Innate Abilities, Weirdness & Mutations

You have sharp claws.
You have razor-sharp teeth.
You have supernaturally acute eyesight. (SInv)
You cover ground quickly. (Speed+)
You are covered in thick fur. (AC +2)
Your paws help you pounce on unaware monsters.
You are incapable of wielding weapons or throwing items.
You cannot wear armour.
You gain extra lives every three experience levels.


Message History

* * * LOW HITPOINT WARNING * * *
The fiery explosion engulfs the phantasmal warrior!
Flame seeps out of the phantasmal warrior.
The phantasmal warrior is moderately damaged.
You are engulfed in blazing flames.
* * * LOW HITPOINT WARNING * * *
The phantasmal warrior is engulfed in blazing flames.
Flame seeps out of the phantasmal warrior.
The phantasmal warrior completely misses you.
You feel a strong urge to attack something.
You feel yourself speed up.
You are no longer berserk.
You are exhausted.
You feel yourself slow down.
Okay, then.
You feel better.
You hear the creaking of a very distant portcullis.
The phantasmal warrior gestures at you.
The phantasmal warrior blinks!
Okay, then.
It was a potion of cancellation.
Your magical effects are unravelling.
You feel magically purged.
You feel yourself speed up.
You feel yourself slow down.
You feel a little less mighty now.
You are too injured to fight recklessly!
Attack: -) Teeth and claws
Press: ? - help, Dir - move target, f - phantasmal warrior
Aim: a phantasmal warrior (moderately damaged, durably summoned, inner flame, about 29% to evade your paws)
You scratch the phantasmal warrior but do no damage.
The phantasmal warrior is moderately damaged.
The phantasmal warrior barely misses you.
Attack: -) Teeth and claws
Press: ? - help, Dir - move target, f/p - phantasmal warrior
Aim: a phantasmal warrior (moderately damaged, durably summoned, inner flame, about 29% to evade your paws)
You scratch the phantasmal warrior.
Flame seeps out of the phantasmal warrior.
The phantasmal warrior is heavily damaged.
The phantasmal warrior hits you!!
Ouch! That really hurt!
You die...

## .. # .# .#.# .##.#.#
########.#....#
#...........####
#######...W...........
########....##..@.....☼....#
................####.#.....#
................# #....##.#
................######.##
.#...................#...
.#.)............####.#...#
.#..............####.#.....
.#...................#......
.#........#..........#..#.###


You could see a phantasmal warrior (inner flame).

Vanquished Creatures
  A bog body (D:7)
  Grinder (D:6)
  2 sky beasts (D:7)
  2 black bears (D:5)
  An ice beast (D:6)
  2 ogres
  2 scorpions
  A howler monkey (D:6)
  Crazy Yiuf (D:2)
  2 sleepcaps
  An iguana (D:7)
  2 orc wizards (D:4)
  A gnoll (D:6)
  8 adders
  5 orcs
  5 endoplasms
  A giant cockroach (D:4)
  6 goblins
  4 hobgoblins
  2 jackals (D:2)
  4 quokkas
  6 ball pythons
  4 bats
  2 frilled lizards
  4 kobolds
  4 rats
74 creatures vanquished.

Vanquished Creatures (collateral kills)
  A centaur (D:6)
  A howler monkey (D:5)
  A jelly (D:6)
  An adder (D:2)
4 creatures vanquished.

Vanquished Creatures (others)
  A black bear zombie (D:5)
  An ogre zombie (D:5)
  An orc zombie (D:4)
  An orc (D:4)
  A goblin zombie (D:1)
5 creatures vanquished.

Grand Total: 83 creatures vanquished

Notes
Turn   | Place    | Note
-------+----------+-------------------------------------------
     0 | D:5      | Danienth the Felid Delver began the quest for the Orb.
     0 | D:5      | Reached XP level 1. HP: 10/10 MP: 2/2
    28 | D:4      | Noticed a scorpion
    33 | D:4      | Killed a scorpion
    34 | D:4      | Reached skill level 7 in Stealth
    34 | D:4      | Reached XP level 2. HP: 14/14 MP: 3/3
    34 | D:4      | Reached XP level 3. HP: 17/17 MP: 4/4
   161 | D:4      | Noticed an orc warrior
   165 | D:3      | Identified the +7 long sword of Nightmares {elec, Fragile
                  | rC+ rCorr Int+3}
   293 | D:3      | Reached XP level 4. HP: 21/21 MP: 5/5
   645 | D:3      | Found an iron altar of Okawaru.
  1008 | D:4      | Found a staircase to the Ecumenical Temple.
  1056 | D:4      | Reached skill level 8 in Stealth
  1195 | D:2      | Found Illi Zar's Weapon Boutique.
  1242 | D:2      | Reached XP level 5. HP: 24/24 MP: 6/6
  1345 | D:2      | Found a faded altar of an unknown god.
  1372 | D:2      | Prayed at the altar of an unknown god.
  1372 | D:2      | Became a worshipper of Yredelemnul the Dark
  1372 | D:2      | Reached * piety under Yredelemnul
  2376 | D:2      | Found a runed translucent door.
  2377 | D:2      | Noticed Crazy Yiuf
  2384 | D:2      | Killed Crazy Yiuf
  3715 | D:1      | Reached ** piety under Yredelemnul
  4029 | D:4      | Gained mutation: You are covered in thick fur. (AC +2)
                  | [Felid growth]
  4029 | D:4      | Reached XP level 6. HP: 4/28 MP: 7/7
  4079 | D:4      | HP: 1/28 [orc warrior/+0 scimitar (6)]
  4083 | D:4      | Mangled by an orc warrior
  4157 | D:5      | HP: 1/28 [black bear (5)]
  4350 | D:5      | Reached skill level 5 in Unarmed Combat
  4350 | D:5      | Reached XP level 7. HP: 24/32 MP: 8/8
  4457 | D:6      | Reached skill level 5 in Dodging
  4669 | D:6      | Noticed a yak
  4669 | D:6      | Noticed a yak
  4669 | D:6      | Noticed a yak
  4812 | D:6      | Found a snail-covered altar of Cheibriados.
  4813 | D:6      | Fell from the grace of Yredelemnul
  4900 | D:6      | Noticed a yak
  4919 | D:6      | Noticed a yak
  4925 | D:6      | HP: 1/33 [yak (10)]
  4927 | D:6      | Mangled by a yak
  4947 | D:6      | Noticed Grinder
  4969 | D:6      | Killed Grinder
  4970 | D:6      | Reached skill level 5 in Fighting
  4970 | D:6      | Reached XP level 8. HP: 19/37 MP: 9/9
  5142 | D:7      | Slain by a yak
  5359 | D:7      | Noticed a phantasmal warrior
  5359 | D:7      | Noticed a bog body
  5365 | D:7      | Killed a bog body
  5374 | D:7      | Demolished by a phantasmal warrior

Illustrated notes

Levels and vault maps discovered:
D:1:      denvon_arrival_planthouse, layout_basic
D:2:      layout_loops_ring, serial_shops, nicolae_shop_back_alley_shop,
          nicolae_ecumenical_snake_handling, uniq_crazy_yiuf_cottage
D:3:      layout_basic, nicolae_overflow_crystal_walls
D:4:      layout_cave_pods, zin_purify, minmay_temple_entry_oklob
D:5:      minmay_general_purpose_star, layout_basic, amcnicky_altar_gilded,
          uniq_pikel
D:6:      layout_basic, overflow_temple_1_default, mainiacjoe_overflow_alcove_2,
          uniq_grinder
D:7:      layout_basic, serial_shops, nicolae_shop_behind_doors, enter_bailey_3

Skill      XL: |  1  2  3  4  5  6  7  8 |
---------------+-------------------------+-----
Stealth        | 7 8 |  8.6
Unarmed Combat | 3 4 5 6 |  6.6
Dodging        | 3 4 6 7 |  7.1
Fighting       | 4 5 |  5.9
Spellcasting   | |  0.3
Shapeshifting  | |  0.2

Action                     |  1- 3 |  4- 6 |  7- 9 || total
---------------------------+-------+-------+-------++-------
  Melee: Unarmed           |     7 |   124 |    93 ||   224
         Bite              |       |     6 |    17 ||    23
         Punch             |       |     5 |     2 ||     7
 Invoke: Dark Bargain      |       |     1 |       ||     1
         Renounce Religion |       |       |     1 ||     1
    Use: Scroll            |       |     9 |     7 ||    16
         Potion            |       |     1 |     5 ||     6
   Stab: Sleeping          |     4 |    30 |     3 ||    37
         Distracted        |       |     1 |     1 ||     2
 Armour: Skin              |       |    34 |    22 ||    56
  Dodge: Dodged            |     3 |    97 |    96 ||   196

Table legend: (Time is in decaauts)
 A = Elapsed time spent in this place.
 B = Non-inter-level travel time spent in this place.
 C = Inter-level travel time spent in this place.
 D = Time resting spent in this place.
 E = Time spent auto-exploring this place.
 F = Levels seen in this place.
 G = Mean time per level.
                   A        B        C        D        E       F      G
               +--------+--------+--------+--------+--------+-----+--------+
         Total |   4756 |   4415 |    341 |   1766 |   1948 |   7 |  679.4 |
       Dungeon |   4756 |   4415 |    341 |   1766 |   1948 |   7 |  679.4 |
               +--------+--------+--------+--------+--------+-----+--------+

Top non-repeatable levels by time:
     D:2: 1270 daAuts
     D:1: 1203 daAuts
     D:3: 727 daAuts
     D:6: 612 daAuts
     D:4: 425 daAuts
     D:5: 313 daAuts
     D:7: 204 daAuts
